 Dungeon Crawl Stone Soup version 0.25-a0-73-g9796ba8d15 (webtiles) character file.

Game seed: 16644791650771199064, levelgen mode: deterministic

4928 kandu the Fighter (level 10, -1/78 HPs)
             Began as an Octopode Arcane Marksman on Nov 6, 2019.
             Was a Priest of Okawaru.
             Slain by a yak (13 damage)
             ... on level 8 of the Dungeon.
             The game lasted 00:18:02 (13836 turns).

kandu the Fighter (Octopode Arcane Marksman)       Turns: 13836, Time: 00:18:03

Health: -1/78      AC:  1    Str: 12    XL:     10   Next: 52%
Magic:  0/13       EV: 21    Int: 16    God:    Okawaru [***...]
Gold:   204        SH:  0    Dex: 13    Spells: 2/11 levels left

rFire    . . .     SeeInvis .   C - +0 hand axe (flame)
rCold    . . .     Gourm    .   (no shield)
rNeg     . . .     Faith    .   (helmet restricted)
rPois    +         Spirit   +   p - amulet of guardian spirit
rElec    .         Reflect  .   k - ring of poison resistance
rCorr    .         Harm     .   (no ring)
MR       .....                  (no ring)
Stlth    ++++......             (no ring)
HPRegen  0.23/turn              (no ring)
MPRegen  0.13/turn              (no ring)
                                (no ring)
                                (no ring)

@: heroism, flying
A: almost no armour, stealthy swim, amphibious, 8 rings, constrict 8, camouflage
1, gelatinous body 1
a: Heroism, Renounce Religion


You were on level 8 of the Dungeon.
You worshipped Okawaru.
Okawaru was most pleased with you.
You were hungry.

You visited 2 branches of the dungeon, and saw 12 of its levels.

You collected 536 gold pieces.
You spent 332 gold pieces at shops.

Inventory:

Hand Weapons
 f - a +0 spear
 s - a +0 dagger
 u - a +0 trident
 v - a +4 dagger
 w - a +0 morningstar
 B - a +3 whip
 C - a +0 hand axe of flaming (weapon)
 P - a +0 mace of crushing
 Q - a +0 war axe
Missiles
 a - 330 stones
 b - 14 javelins
 c - a throwing net {!f}
 g - 51 sling bullets
 r - 4 poisoned darts (quivered)
 E - 65 arrows
 N - 7 boomerangs
Jewellery
 h - an uncursed amulet of magic regeneration {unknown}
 k - a ring of poison resistance (left tentacle)
 p - an amulet of guardian spirit (around mantle)
 H - a +2 amulet of reflection {unknown}
Wands
 L - a wand of flame (19)
 O - a wand of digging (7)
 T - a wand of polymorph (4)
Scrolls
 e - a scroll of enchant armour
 j - 4 scrolls of fear
 o - 2 scrolls of amnesia
 y - 4 scrolls of remove curse {@r2}
 D - 2 scrolls of immolation
 I - a scroll of noise {unknown}
 J - 2 scrolls of enchant weapon {unknown}
 K - 2 scrolls of magic mapping
 R - a scroll of teleportation {@r3}
 U - a scroll of holy word {unknown}
Potions
 i - 3 potions of magic {unknown}
 m - 6 potions of curing {@q1}
 n - a potion of resistance {unknown}
 q - 5 potions of degeneration {unknown}
 t - a potion of lignification {unknown}
 x - 2 potions of brilliance {unknown}
 z - 3 potions of cancellation {unknown}
 A - a potion of haste
 F - a potion of mutation {unknown}
 G - 2 potions of flight
 M - a potion of ambrosia {unknown}
 V - a potion of might {unknown}
Comestibles
 d - 18 rations


   Skills:
 - Level 11.1(16.1) Fighting
 * Level 3.0(8.0) Axes
 - Level 2.0(7.0) Throwing
 + Level 8.5(13.5) Dodging
 - Level 1.0 Spellcasting
 - Level 3.0 Hexes
 + Level 4.8 Invocations
 - Level 2.0 Evocations


You had 2 spell levels left.
You knew the following spells:

 Your Spells              Type           Power        Failure   Level  Hunger
a - Corona                Hex            ##.....      7%          1    ##.....
b - Slow                  Hex            ##......     10%         2    ###....
c - Cause Fear            Hex            ##........   54%         4    #####..
d - Swiftness             Chrm/Air       #.......     34%         2    ###....

Your spell library contained the following spells:

 Spells                   Type           Power        Failure   Level  Hunger
 Shock                    Conj/Air       #...         22%         1    ##.....
 Sting                    Conj/Pois      #...         22%         1    ##.....
 Poisonous Vapours        Pois/Air       #.....       34%         2    ###....
 Inner Flame              Hex/Fire       #.......     36%         3    ####...
 Portal Projectile        Hex/Tloc       #.....       36%         3    ####...
 Mephitic Cloud           Conj/Pois/Air  #.......     56%         3    ####...
 Static Discharge         Conj/Air       #.......     56%         3    ####...
 Leda's Liquefaction      Hex/Erth       #.........   77%         4    #####..
 Airstrike                Air            #.........   92%         4    #####..
 Olgreb's Toxic Radiance  Pois           #.......     92%         4    #####..
 Lightning Bolt           Conj/Air       #.........   99%         5    ######.
 Venom Bolt               Conj/Pois      #.........   99%         5    ######.


Dungeon Overview and Level Annotations

Branches:
Dungeon (11/15)            Temple (1/1) D:6            Lair (0/6) D:9
    Orc (0/2) D:9

Altars:
Ashenzari
Dithmenos
Elyvilon
Fedhas
Hepliaklqana
Kikubaaqudgha
Makhleb
Nemelex Xobeh
Okawaru
Qazlal
Ru
Sif Muna
Trog
Uskayaw
Vehumet
Wu Jian
Xom
Yredelemnul
The Shining One

Shops:
D:5 **=*!

Annotations:
D:4 3 runed translucent doors, TimeIsEndless's ghost, novice OpAE
D:10 Erolcha
D:11 Gastronok


Innate Abilities, Weirdness & Mutations

You cannot wear most types of armour.
You are very stealthy in the water. (Stealth+)
You are amphibious.
You can wear up to eight rings at the same time.
You can use your tentacles to constrict eight enemies at once.
Your skin changes colour to match your surroundings (Stealth+).
Your rubbery body absorbs attacks. (AC +1, EV +1)


Message History

You hit the yak. You burn the yak. You hit the yak but do no damage.
The yak looks more healthy.
Throwing (i - inventory. (/) - cycle)
r - 5 poisoned darts (quivered)
Aim: a yak (lightly wounded)
You throw a poisoned dart. The poisoned dart hits the yak.
The yak gores you!
* * * LOW HITPOINT WARNING * * *
Okay, then.
There is an escape hatch in the ceiling here.
The yak barely misses you. A mysterious force pulls you upwards.
The hatch slams shut behind you.
There is an open door here.
You gain the combat prowess of a mighty hero.
The yak closely misses you.
You hit the yak. You burn the yak. The yak gores you!!
* * * LOW HITPOINT WARNING * * *
It was a potion of flight.
You feel very buoyant.
You fly up into the air.
The yak gores you!
You die...

.# #.##..## ###.##### .#
#.....# #.......# .#
#####.# ##.#.###.# .#
##'## #....# #.# .#
##...## #..### #.# .#
##.....## #..#####.# .#
##.......## #........#
.####.........###....#####
....'.........'Y@.....#
..###.........###....##
#.# ##.......## #.#.## #.#
##.....## #.### #.#
##...## #.# #.# ##'## #.#
..# #<# #.##### #######
#.# #.....#
###...###.##### #####.#


You could see a yak.

Vanquished Creatures
  3 hippogriffs
  3 yaks
  3 hogs (D:7)
  2 hungry ghosts (D:11)
  A human (D:7)
  Menkaure (D:5)
  A water moccasin (D:9)
  A sky beast (D:6)
  2 ice beasts
  4 orc warriors
  3 ogres
  2 centaurs
  2 bullfrogs
  3 scorpions
  A howler monkey (D:5)
  4 crimson imps
  2 centaur zombies
  3 hounds
  3 orc priests
  4 orc wizards
  2 centaur skeletons
  Jessica (D:2)
  A bullfrog skeleton (D:5)
  Natasha (thrice) (D:2)
  2 iguanas
  10 worker ants
  A killer bee zombie (D:6)
  8 adders
  3 gnolls (D:7)
  A shadow imp (D:8)
  3 oozes
  2 adder zombies
  5 worms
  3 dart slugs
  4 leopard geckos
  31 orcs
  4 ball pythons
  9 giant cockroaches
  12 goblins
  9 hobgoblins
  8 jackals
  2 quokkas
  A ball python zombie (D:5)
  5 bats
  11 frilled lizards
  A jackal skeleton (D:4)
  13 kobolds
  9 rats
212 creatures vanquished.

Notes
Turn   | Place    | Note
-------+----------+-------------------------------------------
     0 | D:1      | kandu the Octopode Arcane Marksman began the quest for the
                  | Orb.
     0 | D:1      | Reached XP level 1. HP: 13/13 MP: 2/2
    62 | D:1      | Reached XP level 2. HP: 15/19 MP: 3/3
   481 | D:1      | Reached skill level 2 in Fighting
   810 | D:1      | Reached XP level 3. HP: 25/25 MP: 4/4
  1648 | D:2      | Reached skill level 3 in Fighting
  1648 | D:2      | Reached XP level 4. HP: 17/31 MP: 5/5
  1805 | D:2      | Learned a level 2 spell: Slow
  1901 | D:2      | Noticed Jessica
  1901 | D:2      | Noticed Natasha
  2001 | D:2      | Killed Jessica
  2365 | D:2      | Killed Natasha
  2365 | D:2      | Reached skill level 4 in Fighting
  2365 | D:2      | Reached XP level 5. HP: 30/37 MP: 3/6
  2448 | D:2      | Noticed Natasha
  2461 | D:2      | Killed Natasha
  2466 | D:2      | Noticed Natasha
  2478 | D:2      | Killed Natasha
  3225 | D:3      | Reached XP level 6. HP: 41/44 MP: 7/7
  3516 | D:3      | Reached skill level 5 in Fighting
  4259 | D:3      | Learned a level 4 spell: Cause Fear
  4684 | D:4      | You fall into a shaft and drop 2 floors!
  4698 | D:6      | Found a staircase to the Ecumenical Temple.
  4707 | Temple   | Entered the Ecumenical Temple
  4747 | Temple   | Became a worshipper of Warmaster Okawaru
  4812 | D:5      | Entered Level 5 of the Dungeon
  4813 | D:5      | Found Baghigaw's Assorted Antiques.
  4823 | D:5      | Bought a scroll labeled PECHOW UQEWN for 32 gold pieces
  4823 | D:5      | Bought a scroll labeled EKARROQIVE for 32 gold pieces
  4823 | D:5      | Bought a scroll labeled PECHOW UQEWN for 32 gold pieces
  4837 | D:5      | Noticed Menkaure
  4854 | D:5      | Killed Menkaure
  4854 | D:5      | Reached XP level 7. HP: 17/51 MP: 6/8
  5062 | D:5      | Found Cyihy's Assorted Antiques.
  5070 | D:5      | Reached skill level 6 in Fighting
  5191 | D:5      | Found Viuwujul's Assorted Antiques.
  5366 | D:5      | Reached * piety under Okawaru
  5545 | D:5      | Reached skill level 5 in Dodging
  5552 | D:5      | Found a hide-covered altar of Uskayaw.
  5614 | D:5      | Found Unuri's Distillery.
  5627 | D:5      | Reached skill level 7 in Fighting
  6025 | D:5      | Found Lawiq's Jewellery Shoppe.
  6176 | D:4      | Reached skill level 1 in Invocations
  6176 | D:4      | Reached XP level 8. HP: 60/60 MP: 4/9
  6235 | D:4      | Found a runed translucent gate.
  6235 | D:4      | Found a runed translucent gate.
  6236 | D:4      | Found a runed translucent gate.
  6236 | D:4      | Noticed TimeIsEndless's ghost (novice OpAE)
  6918 | D:4      | Learned a level 2 spell: Swiftness
  6971 | D:6      | Reached ** piety under Okawaru
  7451 | D:6      | HP: 3/61 [centaur (2)]
  7453 | D:6      | Reached skill level 8 in Fighting
  8438 | D:7      | Reached XP level 9. HP: 65/67 MP: 11/11
  8538 | D:7      | Reached skill level 9 in Fighting
  9291 | D:5      | Bought a tapered brass wand for 108 gold pieces
  9346 | D:5      | Bought a runed lead wand for 128 gold pieces
 10386 | D:6      | Reached skill level 1 in Evocations
 11197 | D:8      | Found a shimmering altar of Xom.
 11231 | D:8      | You fall into a shaft and drop 3 floors!
 11403 | D:11     | Noticed Gastronok
 11614 | D:10     | Entered Level 10 of the Dungeon
 11645 | D:10     | Reached skill level 10 in Fighting
 11891 | D:10     | Noticed Erolcha
 12070 | D:9      | Reached XP level 10. HP: 42/77 MP: 8/13
 12647 | D:8      | Reached skill level 11 in Fighting
 12722 | D:8      | Reached *** piety under Okawaru
 13366 | D:7      | Reached skill level 1 in Axes
 13372 | D:7      | Received a gift from Okawaru
 13836 | D:8      | Slain by a yak

Levels and vault maps discovered:
D:1:      dpeg_arrival_pond, layout_basic, minmay_domino_4
D:2:      wander_river, layout_basic, minmay_tall_x, uniq_jessica, uniq_natasha
D:3:      layout_loops_ring
D:4:      layout_loops_ring, gammafunk_ghost_necromancy, palyth_stone_intersect,
          minmay_lizard_king
D:5:      layout_loops_ring, nicolae_overflow_crystal_walls, serial_shops, shop,
          shop_statue, nicolae_shop_overgrown_old_shop, nicolae_shop_crystal,
          shop, first_ration, uniq_menkaure
D:6:      layout_rooms, minmay_temple_entry_sparse_star, minmay_hedge_maze
D:7:      layout_layer_cave, grunt_livestock
D:8:      layout_loops_corners, basic_altar, kennysheep_generic_room_14
D:9:      layout_irregular_city, dpeg_lair_monsters, erik_orc_1,
          minmay_quadrilaterals
D:10:     layout_gridville, nrook_campfire, uniq_erolcha, uniq_erica, uniq_grum
D:11:     layout_basic, uniq_snorg, uniq_gastronok, uniq_urug
Temple:   grunt_wide_crystal_templ

Skill      XL: |  1  2  3  4  5  6  7  8  9 10 |
---------------+-------------------------------+-----
Fighting       | 2 3 4 5 7 8 10 11 | 11.1
Dodging        | 3 4 5 6 7 8 |  8.5
Invocations    | 1 3 4 |  4.8
Evocations     | 2 |  2.0
Axes           | 3 |  3.0
Throwing       | |  2.0
Spellcasting   | |  1.0
Hexes          | |  3.0

Action                   |  1- 3 |  4- 6 |  7- 9 | 10-12 || total
-------------------------+-------+-------+-------+-------++-------
Melee: Unarmed           |    88 |    16 |       |       ||   104
       Constrict         |    26 |    44 |    54 |    14 ||   138
       Tentacles         |    17 |    34 |    85 |    24 ||   160
       Dagger            |       |   156 |   225 |       ||   381
       Punch             |       |       |     4 |     4 ||     8
       Hand axe          |       |       |   117 |   107 ||   224
Throw: Javelin           |       |       |     9 |       ||     9
       Dart              |       |       |    26 |    10 ||    36
       Throwing net      |       |       |     4 |       ||     4
 Cast: Slow              |       |     6 |     5 |       ||    11
       Corona            |       |       |     2 |       ||     2
Invok: Heroism           |       |       |    14 |     6 ||    20
  Use: Scroll            |       |       |    11 |     2 ||    13
       Potion            |       |       |     1 |     2 ||     3
 Stab: Sleeping          |     5 |     2 |     6 |     3 ||    16
  Eat: Chunk             |     2 |    11 |    23 |     3 ||    39
       Ration            |       |       |     1 |     1 ||     2
Armor: Skin              |    11 |    10 |    12 |     2 ||    35
Dodge: Dodged            |    46 |   104 |   280 |    91 ||   521

Table legend:
 A = Non-vault XP
 B = Vault XP
 C = Vault XP percentage of total XP
 D = Non-vault monster count
 E = Vault monster count
 F = Vault count percentage of total count
                 A         B        C        D         E       F
            +---------+---------+-------+---------+---------+-------
      Total |    5731 |    1310 |  18.6 |     188 |      24 |  11.3
            +---------+---------+-------+---------+---------+-------
        D:1 |      47 |       5 |   9.6 |      29 |       3 |   9.4
        D:2 |     145 |      89 |  38.0 |      24 |       6 |  20.0
        D:3 |     107 |       0 |   0.0 |      26 |       0 |   0.0
        D:4 |     316 |      51 |  13.9 |      15 |       9 |  37.5
        D:5 |     507 |     172 |  25.3 |      17 |       1 |   5.6
        D:6 |     895 |       0 |   0.0 |      14 |       0 |   0.0
        D:7 |    1060 |     993 |  48.4 |      31 |       5 |  13.9
        D:8 |     519 |       0 |   0.0 |      19 |       0 |   0.0
        D:9 |     992 |       0 |   0.0 |       6 |       0 |   0.0
       D:10 |     505 |       0 |   0.0 |       2 |       0 |   0.0
       D:11 |     638 |       0 |   0.0 |       5 |       0 |   0.0
            +---------+---------+-------+---------+---------+-------
